 Dungeon Crawl Stone Soup version 0.31-a0-1412-g7b7c7d10e1 (webtiles) character file.

Game seed: 3796118005592588502

86 Ge0ff the Digger (level 4, -2/32 HPs)
             Began as a Vampire Earth Elementalist on Dec 26, 2023.
             Incinerated by a bombardier beetle (4 damage)
             ... with a burning spray
             ... on level 3 of the Dungeon.
             The game lasted 00:05:10 (2090 turns).

Ge0ff the Digger (Vampire Earth Elementalist)       Turns: 2090, Time: 00:05:10

Health: -2/32      AC:  2    Str:  7    XL:     4   Next: 26%
Magic:  4/8        EV: 12    Int: 19    God:
Gold:   56         SH:  0    Dex: 14    Spells: 2/8 levels left

rFire   . . .        a - +2 dagger (venom)
rCold   . . .        (no shield)
rNeg    . . .        M - +0 robe
rPois   .            (no helmet)
rElec   .            (no cloak)
rCorr   .            (no gloves)
SInv    +            (no boots)
Will    .....        (no amulet)
Stlth   +            (no ring)
HPRegen 0.45/turn    (no ring)
MPRegen 0.11/turn

%: no passive effects
@: on fire, healing quickly, glowing
A: alive, fangs 3, see invisible, vampiric 2
a: Exsanguinate


You were on level 3 of the Dungeon.
You visited 1 branch of the dungeon, and saw 3 of its levels.

You collected 126 gold pieces.
You spent 70 gold pieces at shops.

Inventory:

Hand Weapons
 a - a +2 dagger of venom (weapon)
 V - a +0 rapier
Missiles
 R - 16 stones
Armour
 M - a +0 robe (worn)
 Q - a scarf of shadows
Jewellery
 X - a ring of fire
Scrolls
 L - 2 scrolls of vulnerability {unknown}
 T - 3 scrolls of teleportation
 U - a scroll of blinking {unknown}
 W - a scroll of silence {unknown}
 Y - a scroll of immolation {unknown}
Potions
 z - a potion of brilliance
 A - a potion of attraction
 K - a potion of magic {!q}
 N - 2 potions of curing {unknown}
 O - a potion of resistance {unknown}
 P - a potion of heal wounds {unknown}
 S - a potion of haste {unknown}


   Skills:
 - Level 1.0 Fighting
 - Level 2.1 Dodging
 - Level 3.0 Stealth
 + Level 2.8 Spellcasting
 * Level 4.3 Earth Magic
 - Level 1.1 Alchemy


You had 2 spell levels left.
You knew the following spells:

 Your Spells              Type           Power      Damage    Failure   Level
k - Sandblast             Erth           38%        2d10      2%          1
m - Stone Arrow           Conj/Erth      22%        3d8       19%         3
w - Passwall              Alch/Erth      10%        N/A       8%          2

Your spell library contained the following spells:

 Spells                   Type           Power      Damage    Failure   Level
 Petrify                  Alch/Erth      13%        N/A       45%         4
 Brom's Barrelling Bould  Conj/Erth      11%        2d3       54%         4


Dungeon Overview and Level Annotations

Branches:
Dungeon (3/15) Zot: 15882

Altars:

Shops:
D:2 !

Annotations:
D:3 2 runed translucent doors


Innate Abilities, Weirdness & Mutations

Your natural rate of healing is accelerated.
You have razor-sharp teeth.
You have supernaturally acute eyesight. (SInv)
You are afflicted with vampirism and can become a bat while bloodless.


Message History

Found a battleaxe.
You see here a +0 battleaxe.
X - a ring of fire
Y - a scroll labelled BAMOIL YVIMUCHA A bombardier beetle comes into view.
Casting: Sandblast (safe; 2% risk of failure)
Confirm with . or Enter, or press ? or * to list all spells.
Aiming: Sandblast (safe; 2% risk of failure)
Press: ? - help, Shift-Dir - straight line, f - bombardier beetle
Aim: a bombardier beetle (89% to hit)
The blast of sand hits the bombardier beetle but does no damage.
The bombardier beetle sprays incendiary fluid at you.
The burning spray hits you.
You are covered in liquid fire!
Casting: Sandblast (safe; 2% risk of failure)
Confirm with . or Enter, or press ? or * to list all spells.
Aiming: Sandblast (safe; 2% risk of failure)
Press: ? - help, Shift-Dir - straight line, f/p - bombardier beetle
Aim: a bombardier beetle (89% to hit)
The blast of sand hits the bombardier beetle!
The bombardier beetle is heavily wounded.
The liquid fire burns you!
Casting: Sandblast (safe; 2% risk of failure)
Confirm with . or Enter, or press ? or * to list all spells.
Aiming: Sandblast (safe; 2% risk of failure)
Press: ? - help, Shift-Dir - straight line, f/p - bombardier beetle
Aim: a bombardier beetle (heavily wounded, 89% to hit)
The blast of sand hits the bombardier beetle.
The bombardier beetle is heavily wounded.
The liquid fire burns you!
The bombardier beetle sprays incendiary fluid at you.
The burning spray hits you.
You are even more covered in liquid fire!
Casting: Sandblast (safe; 2% risk of failure)
Confirm with . or Enter, or press ? or * to list all spells.
Aiming: Sandblast (safe; 2% risk of failure)
Press: ? - help, Shift-Dir - straight line, f/p - bombardier beetle
Aim: a bombardier beetle (heavily wounded, 89% to hit)
The blast of sand hits the bombardier beetle.
The bombardier beetle is almost dead.
The liquid fire burns you!
You shake off some of the fire as you move.
The liquid fire burns you!
* * * LOW HITPOINT WARNING * * *
You shake off some of the fire as you move.
The liquid fire burns you!
* * * LOW HITPOINT WARNING * * *
You shake off some of the fire as you move.
The liquid fire burns you!
You die...

#.#
#.#
#.#
#.#
#.#
#.#
#.#
#.#
#.#
#.#
#.#
#.#
#.#
#.#
#.#
#.#
#.#
#@#
#.#
#.#
#.#
#.#
#.#
#.#
#.#
#B#
#.#
#.#
#.#
#.#
#.#
#.#
#.#
#.#


You could see a bombardier beetle.

Vanquished Creatures
  2 adders (D:2)
  A gnoll (D:1)
  A worm (D:3)
  5 dart slugs
  3 ball pythons
  2 bats (D:1)
  An endoplasm (D:1)
  2 giant cockroaches (D:1)
  A goblin (D:2)
  4 hobgoblins (D:1)
  4 jackals (D:2)
  5 quokkas
  3 frilled lizards (D:1)
  6 kobolds
  3 rats
43 creatures vanquished.

Notes
Turn   | Place    | Note
-------+----------+-------------------------------------------
     0 | D:1      | Ge0ff the Vampire Earth Elementalist began the quest for
                  | the Orb.
     0 | D:1      | Reached XP level 1. HP: 13/13 MP: 3/3
   291 | D:1      | Reached XP level 2. HP: 20/20 MP: 3/5
   788 | D:1      | Reached skill level 1 in Fighting
   788 | D:1      | Gained mutation: You are afflicted with vampirism and can
                  | become a bat while bloodless. [Vampire growth]
   788 | D:1      | Reached XP level 3. HP: 26/26 MP: 2/6
  1123 | D:2      | Learned a level 2 spell: Passwall
  1127 | D:2      | Learned a level 3 spell: Stone Arrow
  1236 | D:2      | Reached skill level 4 in Earth Magic
  1527 | D:2      | Found Noehik's Distillery.
  1537 | D:2      | Found a faded altar of an unknown god.
  1561 | D:2      | Bought a potion of attraction for 30 gold pieces
  1561 | D:2      | Bought a potion of brilliance for 40 gold pieces
  1574 | D:2      | Reached XP level 4. HP: 26/32 MP: 5/8
  1898 | D:3      | Found a runed translucent gate.
  1898 | D:3      | Found a runed translucent gate.
  2090 | D:3      | Incinerated by a bombardier beetle

Illustrated notes

Levels and vault maps discovered:
D:1:      eino_arrival_cavern_b, layout_loops_corners, grunt_decor_fettered,
          corexii_item_surrounded_by_moat
D:2:      layout_rooms, basic_ecumenical_altar, serial_shops, shop
D:3:      layout_basic, gammafunk_ghost_cemetery

Skill      XL: |  1  2  3 |
---------------+----------+-----
Fighting       | 1 |  1.0
Earth Magic    | 4 |  4.3
Dodging        | |  2.1
Stealth        | |  3.0
Spellcasting   | |  2.8
Alchemy        | |  1.1

Action                     |  1- 3 |  4- 6 || total
---------------------------+-------+-------++-------
  Melee: Dagger            |    35 |     3 ||    38
         Bite              |     6 |       ||     6
  Throw: Stone             |       |     1 ||     1
   Cast: Sandblast         |    37 |    18 ||    55
    Use: Scroll            |     1 |       ||     1
   Stab: Sleeping          |     4 |     1 ||     5
 Armour: Robe              |    20 |     5 ||    25
  Dodge: Dodged            |    26 |    14 ||    40

Table legend: (Time is in decaauts)
 A = Elapsed time spent in this place.
 B = Non-inter-level travel time spent in this place.
 C = Inter-level travel time spent in this place.
 D = Time resting spent in this place.
 E = Time spent auto-exploring this place.
 F = Levels seen in this place.
 G = Mean time per level.
                   A        B        C        D        E       F      G
               +--------+--------+--------+--------+--------+-----+--------+
         Total |   2117 |   2052 |     65 |    178 |   1486 |   3 |  705.7 |
       Dungeon |   2117 |   2052 |     65 |    178 |   1486 |   3 |  705.7 |
               +--------+--------+--------+--------+--------+-----+--------+

Top non-repeatable levels by time:
     D:1: 1110 daAuts
     D:2: 832 daAuts
     D:3: 173 daAuts
